 Dungeon Crawl Stone Soup version 0.20-a0-263-g81abdfb (webtiles) character file.

67 Mefis the Magician (level 3, 0/19 HPs)
             Began as a Deep Elf Wizard on Dec 4, 2016.
             Succumbed to an adder's poison
             ... on level 3 of the Dungeon.
             The game lasted 00:07:25 (3038 turns).

Mefis the Magician (Deep Elf Wizard)                Turns: 3038, Time: 00:07:26

Health: 0/19       AC:  3    Str:  8 (9)  XL:     3   Next: 98%
Magic:  0/11       EV: 13    Int: 20 (23) God:
Gold:   42         SH:  0    Dex: 10 (13) Spells: 2/12 levels left

rFire  . . .     SeeInvis .     a - +1 falchion (elec)
rCold  . . .     Gourm    .     m - +0 robe
rNeg   . . .     Faith    +     (no shield)
rPois  .         Spirit   .     q - +0 hat
rElec  .         Reflect  .     (no cloak)
rCorr  .         Harm     .     (no gloves)
MR     .....                    o - +0 pair of boots {run}
Stlth  ++........               i - amulet of faith
                                (no ring)
                                (no ring)

@: mighty, lethally poisoned (0 -> -7), quick
A: no striking features
a: no special abilities


You were on level 3 of the Dungeon.
You were not hungry.

You visited 1 branch of the dungeon, and saw 3 of its levels.
You also visited: Sewer.

You collected 42 gold pieces.

Inventory:

Hand Weapons
 a - a +1 falchion of electrocution (weapon)
 b - a +0 hunting sling
 s - a +0 dagger
 t - a +0 hunting sling
Missiles
 f - 16 sling bullets
 n - 21 bolts
Armour
 m - a +0 robe (worn)
 o - a +0 pair of boots of running (worn)
 q - a +0 hat (worn)
Jewellery
 i - an amulet of faith (around neck)
Scrolls
 e - 3 scrolls of blinking {unknown}
 g - a scroll of identify {unknown}
 h - a scroll of teleportation {unknown}
 j - a scroll of recharging {unknown}
 l - a scroll of remove curse {unknown}
Potions
 k - a potion of degeneration
 r - a potion of curing {unknown}
Books
 c - a book of Minor Magic

   Spells                             Type                      Level
   a - Magic Dart                     Conjuration                  1
   b - Blink                          Translocation                2
   c - Call Imp                       Summoning                    2
   d - Repel Missiles                 Charms/Air                   2
   e - Slow                           Hexes                        2
   f - Conjure Flame                  Conjuration/Fire             3
   g - Mephitic Cloud                 Conjuration/Poison/Air       3
Comestibles
 d - a bread ration
 u - 2 chunks of flesh
 v - a royal jelly


   Skills:
 + Level 3.1 Dodging
 + Level 3.5 Stealth
 * Level 5.2 Spellcasting
 + Level 1.5 Conjurations
 + Level 1.2 Summonings
 - Level 1.1 Translocations
 + Level 1.0 Poison Magic


You had 2 spell levels left.
You knew the following spells:

 Your Spells              Type           Power        Failure   Level  Hunger
a - Magic Dart            Conj           ##..         10%         1    None
b - Call Imp              Summ           ##......     12%         2    None
c - Blink                 Tloc           N/A          14%         2    None
d - Repel Missiles        Chrm/Air       #.....       21%         2    None
e - Mephitic Cloud        Conj/Pois/Air  #.......     24%         3    ##.....


Dungeon Overview and Level Annotations

Branches:
Dungeon (3/15)

Altars:
Trog


Message History

Aiming: Mephitic Cloud
Press: ? - help, Shift-Dir - straight line The ball explodes into a vile cloud!
The stinking cloud engulfs the adder.
The adder is lightly wounded.
You hear a shout!
The adder is engulfed in noxious fumes.
The adder appears confused.
The adder bites you.
* * * LOW HITPOINT WARNING * * *
You are more poisoned.
The adder poisons you!
You hear a shout! x4
It was a potion of degeneration.
There was something very wrong with that liquid.
You feel weakened.
You feel dopey.
You feel clumsy.
The adder is engulfed in noxious fumes.
The adder appears confused.
The adder misses you.
The adder is engulfed in noxious fumes.
The adder appears confused.
The adder closely misses you.
It was a potion of might.
You feel very mighty all of a sudden.
You die...

#.....#
#.<#
#..##
#...#
#≈≈≈#
#≈≈≈#
#≈≈≈#
#≈≈≈#
#≈@≈#
#§≈S#
#≈§≈#
#§≈§#
#≈≈≈#
#...#
##...
####


You could see an adder (confused).

Vanquished Creatures
  A river rat (Sewer)
  A dart slug (D:1)
  3 leopard geckos
  4 bats
  3 giant cockroaches (D:3)
  8 goblins
  A hobgoblin (D:2)
  A ball python (Sewer)
  9 kobolds
  9 rats
40 creatures vanquished.

Vanquished Creatures (collateral kills)
  Terence (D:2)
  A bat (D:1)
  A giant cockroach (D:1)
3 creatures vanquished.

Grand Total: 43 creatures vanquished

Notes
Turn   | Place    | Note
-------+----------+-------------------------------------------
     0 | D:1      | Mefis the Deep Elf Wizard began the quest for the Orb.
     0 | D:1      | Reached XP level 1. HP: 10/10 MP: 7/7
   674 | D:1      | Reached XP level 2. HP: 13/15 MP: 3/9
   678 | D:1      | Learned a level 2 spell: Call Imp
   681 | D:1      | Learned a level 2 spell: Blink
   684 | D:1      | Learned a level 2 spell: Repel Missiles
   909 | D:1      | Identified a +0 pair of boots of running (You found it on level 1 of the Dungeon)
  1297 | D:1      | Reached skill level 5 in Spellcasting
  1700 | D:2      | Noticed Terence
  1766 | D:2      | Reached XP level 3. HP: 19/19 MP: 8/11
  1771 | D:2      | Learned a level 3 spell: Mephitic Cloud
  1815 | D:2      | Found a bloodstained altar of Trog.
  2625 | D:2      | Killed Terence
  2773 | D:3      | Found a glowing drain.
  2882 | Sewer    | Entered a sewer
  3000 | Sewer    | Noticed a big kobold
  3002 | Sewer    | Reached skill level 1 in Poison Magic
  3038 | D:3      | Succumbed to an adder's poison

Vault maps used:
D:1:      eino_arrival_cavern_d
D:2:      minmay_hedge_maze, trog_three_pillars_becter, uniq_terence
D:3:      kennysheep_six_static_rooms, portal_sewer_entry_f,
          uniq_crazy_yiuf_cottage
Sewer:    sewer_minmay_treatment

Skill      XL: |  1  2  3 |
---------------+----------+-----
Stealth        | 3 |  3.5
Spellcasting   | 5 |  5.2
Dodging        | 3 |  3.1
Poison Magic   | 1 |  1.0
Conjurations   | |  1.5
Summonings     | |  1.2
Translocations | |  1.1

Action                   || total
-------------------------++-------
Melee: Dagger            ||    29
       Falchion          ||     2
 Cast: Magic Dart        ||    90
       Call Imp          ||     8
       Repel Missiles    ||     1
       Mephitic Cloud    ||     5
  Use: Potion            ||     2
  Eat: Chunk             ||     6
Armor: Robe              ||    12
Dodge: Dodged            ||    46
       Deflected         ||     6
       Rpst.: Falchion   ||     3
